 Dungeon Sprint DCSS version 0.28-a0-224-g76b539d98b (webtiles) character file.

Game seed: 13648486713801680157

1512 MikeHunt the Cruncher (level 9, 0/74 HPs)
             Began as a Formicid Hunter on Aug 21, 2021.
             Was an Elder of Okawaru.
             Slain by a deep troll (14 damage)
             ... in the Dungeon (Sprint VII: "The Pits").
             The game lasted 00:05:38 (1056 turns).

MikeHunt the Cruncher (Formicid Hunter)             Turns: 1056, Time: 00:05:39

Health: 0/74       AC: 17    Str: 18    XL:     9   Next: 9%
Magic:  11/12      EV: 16    Int: 10    God:    Okawaru [****..]
Gold:   0          SH:  0    Dex: 14    Spells: 8/8 levels left

rFire   . . .      SeeInvis +   b - +0 quarterstaff (protect)
rCold   . . .      Faith    .   (no shield)
rNeg    . . .      Spirit   .   j - +3 ring mail
rPois   .          Reflect  .   (helmet unavailable)
rElec   .          Harm     .   (no cloak)
rCorr   .          Rampage  .   (no gloves)
Will    .....                   (no boots)
Stlth   +++.......              (no amulet)
HPRegen 0.22/turn               (no ring)
MPRegen 0.13/turn               (no ring)

@: heroic, under a protective aura, very slightly contaminated
A: permanent stasis, dig shafts and tunnels, antennae 3, four strong arms
a: Dig, Renounce Religion, Heroism, Finesse


You were in the Dungeon.
You worshipped Okawaru.
Okawaru was greatly pleased with you.
You visited 1 branch

Inventory:

Hand Weapons
 a - a +1 hand crossbow
 b - a +0 quarterstaff of protection (weapon)
Armour
 c - a +3 chain mail
 j - a +3 ring mail (worn)
Potions
 e - 4 potions of curing
 f - 2 potions of berserk rage
 g - 4 potions of magic


   Skills:
 + Level 7.9(12.9) Fighting
 + Level 11.0(16.0) Staves
 - Level 10.0(15.0) Crossbows
 + Level 7.5(12.5) Armour
 + Level 6.5(11.5) Dodging
 - Level 1.2(6.2) Stealth
 - Level 5.0 Invocations


You had 8 spell levels left.
You didn't know any spells.
Your spell library was empty.

Dungeon Overview and Level Annotations

Branches:
Dungeon (1/1)

Altars:
Ashenzari
Cheibriados
Dithmenos
Elyvilon
Fedhas
Gozag
Hepliaklqana
Kikubaaqudgha
Makhleb
Nemelex Xobeh
Okawaru
Qazlal
Ru
Sif Muna
Trog
Uskayaw
Vehumet
Wu Jian
Xom
Yredelemnul
Zin
The Shining One
Beogh
Jiyva
Lugonu


Innate Abilities, Weirdness & Mutations

You cannot be hasted, slowed, berserked, paralysed or teleported.
You can dig through walls and to a lower floor.
You have a pair of large antennae on your head. (SInv)
Your four strong arms can wield two-handed weapons with a shield.


Message History

The deep troll is severely wounded.
You barely miss the deep troll.
The deep troll is severely wounded.
The deep troll bites you but does no damage.
The deep troll claws you but does no damage.
The deep troll closely misses you.
You hit the deep troll but do no damage.
Your weapon exudes an aura of protection.
The deep troll is severely wounded.
You thump the deep troll!
The deep troll is almost dead.
The deep troll bites you.
* * * LOW HITPOINT WARNING * * *
The deep troll claws you!
* * * LOW HITPOINT WARNING * * *
The deep troll claws you.
* * * LOW HITPOINT WARNING * * *
Press: ? - help, v - describe, . - travel, g - get item
Here: a deep troll (almost dead)
Items here: a bolt; a +4 short sword; a +0 robe.
An open door, spattered with blood.
Okay, then.
Unknown command.
You hit the deep troll.
The deep troll is almost dead.
The deep troll completely misses you. The deep troll claws you.
* * * LOW HITPOINT WARNING * * *
The deep troll closely misses you.
You feel better. The deep troll bites you.
* * * LOW HITPOINT WARNING * * *
The deep troll claws you but does no damage. x2
You feel better. The deep troll barely misses you.
The deep troll completely misses you.
The deep troll claws you but does no damage.
You barely miss the deep troll.
The deep troll is almost dead.
You hit the deep troll but do no damage.
The deep troll is almost dead.
The deep troll bites you!
You die...

#'#####'#####.....
#.#.....#[.##.....
#.#.....#))#####'#
#.###'###))##.....
#.#.....#))##.....
#.#.....#..##.....
#.####'##'###...<.
#)#........##.....
#@#........##.....
#T###########.....
#(..)...#..#######
#..###..#.######
#(......#.#....#
##.###.##)#.(..#
#.......#.(T...+
#..###T.#†#
#.......'.#


You could see a deep troll.

Vanquished Creatures
  A two-headed ogre (D)
  A lindwurm (D)
  A floating eye (D)
  A kobold brigand (D)
  3 wights (D)
  A gnoll shaman (D)
  Jessica (D)
  2 adders (D)
  2 gnolls (D)
  An ufetubus (D)
  A worm (D)
  2 giant cockroaches (D)
  A goblin (D)
  4 jackals (D)
  A ball python skeleton (D)
  2 bats (D)
  A frilled lizard (D)
  A kobold (D)
  A rat (D)
28 creatures vanquished.

Notes
Turn   | Place    | Note
-------+----------+-------------------------------------------
     0 | D        | MikeHunt the Formicid Hunter began the quest for the Orb.
     0 | D        | Reached XP level 1. HP: 16/16 MP: 1/1
    13 | D        | Reached skill level 5 in Crossbows
    13 | D        | Reached XP level 2. HP: 21/22 MP: 2/2
    19 | D        | Found a bloodstained altar of Trog.
    19 | D        | Found a shimmering blue altar of Sif Muna.
    19 | D        | Found a viscous altar of Jiyva.
    19 | D        | Found a hazy altar of Hepliaklqana.
    19 | D        | Found an opulent altar of Gozag.
    20 | D        | Found a glowing golden altar of the Shining One.
    20 | D        | Found a glowing silver altar of Zin.
    20 | D        | Found a basalt altar of Yredelemnul.
    20 | D        | Found a shimmering altar of Xom.
    20 | D        | Found an ornate altar of the Wu Jian Council.
    20 | D        | Found a sacrificial altar of Ru.
    20 | D        | Found a stormy altar of Qazlal.
    20 | D        | Found an iron altar of Okawaru.
    20 | D        | Found a sparkling altar of Nemelex Xobeh.
    20 | D        | Found a burning altar of Makhleb.
    20 | D        | Found a blossoming altar of Fedhas.
    20 | D        | Found a white marble altar of Elyvilon.
    20 | D        | Found a shadowy altar of Dithmenos.
    20 | D        | Found a snail-covered altar of Cheibriados.
    21 | D        | Found a radiant altar of Vehumet.
    21 | D        | Found a corrupted altar of Lugonu.
    22 | D        | Found a hide-covered altar of Uskayaw.
    22 | D        | Found an ancient bone altar of Kikubaaqudgha.
    22 | D        | Found a broken altar of Ashenzari.
    30 | D        | Became a worshipper of Warmaster Okawaru
   125 | D        | Reached skill level 1 in Staves
   363 | D        | Noticed a floating eye
   380 | D        | Reached skill level 2 in Staves
   380 | D        | Reached XP level 3. HP: 27/27 MP: 3/3
   386 | D        | Killed a floating eye
   386 | D        | Reached * piety under Okawaru
   387 | D        | Reached skill level 5 in Staves
   387 | D        | Reached XP level 4. HP: 33/33 MP: 4/4
   387 | D        | Reached XP level 5. HP: 38/38 MP: 5/5
   401 | D        | Reached skill level 6 in Staves
   493 | D        | Reached skill level 7 in Staves
   493 | D        | Reached XP level 6. HP: 30/44 MP: 3/9
   500 | D        | Reached skill level 5 in Invocations
   523 | D        | Reached ** piety under Okawaru
   524 | D        | Reached skill level 8 in Staves
   524 | D        | Reached skill level 10 in Crossbows
   792 | D        | Noticed a lindwurm
   801 | D        | Killed a lindwurm
   801 | D        | Reached *** piety under Okawaru
   802 | D        | Reached skill level 10 in Staves
   802 | D        | Reached skill level 5 in Armour
   802 | D        | Reached skill level 5 in Dodging
   802 | D        | Reached XP level 7. HP: 27/58 MP: 8/10
   802 | D        | Reached XP level 8. HP: 30/64 MP: 8/11
   996 | D        | Noticed Jessica
   996 | D        | Noticed a two-headed ogre
   997 | D        | Noticed a deep troll
  1015 | D        | Killed Jessica
  1033 | D        | Killed a two-headed ogre
  1033 | D        | Reached **** piety under Okawaru
  1034 | D        | Reached skill level 11 in Staves
  1034 | D        | Reached XP level 9. HP: 42/74 MP: 12/12
  1052 | D        | HP: 2/74 [deep troll (4)]
  1056 | D        | Slain by a deep troll

Illustrated notes

Levels and vault maps discovered:
D:        pitsprint [storerooms_1, entrance_room_1, metal_vault_7, armoury_1,
          mini_pit_1, grid_room_1, main_hall_1, silver_pit, the_coven_1,
          the_vestibule_1, steel_vault_5, golden_pit, hallway_of_sentries,
          crystal_vault_5, iron_vault_1, final_vault]

Skill      XL: |  1  2  3  4  5  6  7  8 |
---------------+-------------------------+-----
Crossbows      | 5 6 8 9 10 | 10.0
Staves         | 2 5 7 10 11 | 11.0
Invocations    | 4 5 |  5.0
Fighting       | 6 7 |  7.9
Armour         | 5 7 |  7.5
Dodging        | 5 6 |  6.5
Stealth        | |  1.2

Action                   |  1- 3 |  4- 6 |  7- 9 || total
-------------------------+-------+-------+-------++-------
Melee: Quarterstaff      |    25 |     6 |    21 ||    52
 Fire: Hand crossbow     |    15 |    36 |    24 ||    75
Invok: Heroism           |       |     2 |     3 ||     5
  Use: Potion            |     2 |       |     8 ||    10
Armor: Leather armour    |    12 |     1 |       ||    13
       Ring mail         |       |     4 |    14 ||    18
Dodge: Dodged            |    43 |    20 |    43 ||   106

Table legend: (Time is in decaauts)
 A = Elapsed time spent in this place.
 B = Non-inter-level travel time spent in this place.
 C = Inter-level travel time spent in this place.
 D = Time resting spent in this place.
 E = Time spent auto-exploring this place.
 F = Levels seen in this place.
 G = Mean time per level.
                   A        B        C        D        E       F      G
               +--------+--------+--------+--------+--------+-----+--------+
         Total |   1051 |   1051 |      0 |    598 |      0 |   1 | 1051.0 |
       Dungeon |   1051 |   1051 |      0 |    598 |      0 |   1 | 1051.0 |
               +--------+--------+--------+--------+--------+-----+--------+

Top non-repeatable levels by time:
       D: 1051 daAuts
